 Dungeon Crawl Stone Soup version 0.28.0-53-g5a82cb258f (webtiles) character file.

Game seed: 11216893309152154432

4 Sin92 the Skirmisher (level 1, 0/18 HPs)
             Began as a Demonspawn Fighter on Aug 9, 2022.
             Slain by a goblin
             ... wielding a +0 club
              (1 damage)
             ... on level 1 of the Dungeon.
             The game lasted 00:00:22 (59 turns).

Sin92 the Skirmisher (Demonspawn Fighter)             Turns: 59, Time: 00:00:23

Health: 0/18       AC:  6    Str: 16    XL:     1   Next: 58%
Magic:  1/1        EV:  5    Int:  9    God:
Gold:   6          SH:  4    Dex: 12    Spells: 0/0 levels left

rFire   . . .      SeeInvis .   a - +0 war axe
rCold   . . .      Faith    .   c - +0 buckler
rNeg    . . .      Spirit   .   b - +0 scale mail
rPois   .          Reflect  .   (no helmet)
rElec   .          Harm     .   (no cloak)
rCorr   +          Rampage  .   (no gloves)
Will    .....                   (no boots)
Stlth   ..........              (no amulet)
HPRegen 0.06/turn               e - ring of resist corrosion
MPRegen 0.07/turn               (no ring)

@: constricted
A: no striking features
a: no special abilities


You were on level 1 of the Dungeon.
You visited 1 branch of the dungeon, and saw 1 of its levels.

You collected 6 gold pieces.

Inventory:

Hand Weapons
 a - a +0 war axe (weapon)
Armour
 b - a +0 scale mail (worn)
 c - a +0 buckler (worn)
Jewellery
 e - a ring of resist corrosion (left hand)
Potions
 d - a potion of might
 f - a potion of ambrosia {unknown}


   Skills:
 + Level 3.0 Fighting
 * Level 1.9 Axes
 + Level 2.7 Armour
 + Level 0.1 Dodging
 + Level 2.7 Shields


You couldn't memorise any spells.
You didn't know any spells.
Your spell library contained the following spells:

 Spells                   Type           Power      Damage    Failure   Level
 Sublimation of Blood     Necr           0%         N/A       96%         2
 Wereblood                Tmut           0%         N/A       96%         2
 Summon Hydra             Summ           0%         N/A       100%        7


Dungeon Overview and Level Annotations

Branches:
Dungeon (1/15)

Altars:

Shops:
D:1 (


Message History

You are too injured to fight recklessly!
There are monsters nearby!
You are too injured to fight recklessly!
Unknown command.
Unknown command.
There are monsters nearby!
You are too injured to fight recklessly!
Unknown command.
There are monsters nearby!
You are too injured to fight recklessly!
Unknown command.
There are monsters nearby!
You are too injured to fight recklessly!
The goblin hits you with a +0 club.
You hit the goblin.
The goblin is moderately wounded.
You hit the hobgoblin.
You kill the hobgoblin!
The goblin barely misses you. x2
You closely miss the goblin.
The goblin is moderately wounded.
The ball python bites you but does no damage.
The ball python grabs you. The ball python constricts you.
The goblin hits you with a +0 club.
* * * LOW HITPOINT WARNING * * *
Unknown command.
You closely miss the goblin. You hit the ball python.
The ball python bites you but does no damage.
The ball python constricts you. You block the goblin's attack.
You block the ball python's attack. The ball python constricts you.
* * * LOW HITPOINT WARNING * * *
The goblin hits you but does no damage.
Unknown command.
You hit the goblin but do no damage. You closely miss the ball python.
The ball python bites you.
* * * LOW HITPOINT WARNING * * *
The ball python constricts you.
* * * LOW HITPOINT WARNING * * *
The goblin hits you with a +0 club.
You die...

#. #. # ####.# . #######
.....####.### .##.....#
............. .$($..#
...≈..# #$∩$.# ..≈.≈.# #
$$$.# ..≈.≈.########.###...#
..≈..≈..........@g...#
..≈...≈.#########S.###
...≈.......####...##
...≈.≈≈≈≈≈..##..###
...≈......≈..#.##
...≈.<≈....≈...#############
....≈.≈...≈.....##..........
......≈.≈≈..#......†........
..≈...≈....##...............


You could see a goblin and a ball python.

Vanquished Creatures
  A dart slug (D:1)
  A hobgoblin (D:1)
  A ball python (D:1)
3 creatures vanquished.

Notes
Turn   | Place    | Note
-------+----------+-------------------------------------------
     0 | D:1      | Sin92 the Demonspawn Fighter began the quest for the Orb.
     0 | D:1      | Reached XP level 1. HP: 18/18 MP: 1/1
    47 | D:1      | Found Leheacak's Antique Weapon Boutique.
    59 | D:1      | Slain by a goblin

Illustrated notes

Levels and vault maps discovered:
D:1:      ebering_trefoil_3fold, layout_rooms,
          shapermc_ecumenical_altar_rom_forum, serial_shops,
          nicolae_shop_crystal, shop_fountains, shop, nicolae_shop_stone,
          shop_coins

Action                   || total
-------------------------++-------
Melee: War axe           ||    12
Armor: Scale mail        ||     8
Dodge: Dodged            ||     6
Block: Buckler           ||     3
